 Dungeon Crawl Stone Soup version 0.13.0-21-ge43020b (webtiles) character file.

236 HungrySpirit the Slasher (level 5, 0/40 HPs)
             Began as a Human Gladiator on Oct 26, 2013.
             Slain by an orc
             ... wielding a +1,+3 orcish mace of protection
              (2 damage)
             ... on Level 3 of the Dungeon.
             The game lasted 00:05:38 (3290 turns).

HungrySpirit the Slasher (Human Gladiator)          Turns: 3290, Time: 00:05:39

HP   0/40        AC  6     Str 16      XL: 5   Next: 63%
MP   4/4         EV  9     Int  9      God:
Gold 82          SH  0     Dex 13      Spells:  0 memorised,  4 levels left

Res.Fire  : . . .   See Invis. : .   a - +0 falchion
Res.Cold  : . . .   Warding    : .   v - +0 ring mail
Life Prot.: . . .   Conserve   : .   (no shield)
Res.Poison: .       Res.Corr.  : .   c - +0 helmet
Res.Elec. : .       Clarity    : .   (no cloak)
Sust.Abil.: . .     Spirit.Shd : .   (no gloves)
Res.Mut.  : .       Stasis     : .   (no boots)
Res.Rott. : .       Flight     : .   (no amulet)
Saprovore : . . .                    (no ring)
                                     (no ring)

@: slightly resistant to hostile enchantments, extremely unstealthy
A: no striking features
a: no special abilities


You were on level 3 of the Dungeon.
You were not hungry.

You visited 1 branch of the dungeon, and saw 3 of its levels.

You collected 62 gold pieces.

Inventory:

Hand weapons
 a - a +0,+0 falchion (weapon)
Missiles
 d - 3 throwing nets (quivered)
Armour
 c - a +0 helmet (worn)
 v - a +0 ring mail (worn)
Magical devices
 s - a wand of slowing (12) {unknown}
Comestibles
 f - 2 bread rations
 i - 2 meat rations
 p - a pear
Scrolls
 h - 3 scrolls of teleportation {unknown}
 j - a scroll of enchant armour {unknown}
 k - 2 scrolls of fear {unknown}
 l - 2 scrolls of identify {unknown}
 n - a scroll of remove curse {unknown}
 q - a scroll of enchant weapon I {unknown}
 r - a scroll of fog {unknown}
 t - a scroll of curse weapon {unknown}
Jewellery
 b - a cursed amulet of conservation {unknown}
Potions
 e - a potion of might {unknown}
 m - 2 potions of resistance {unknown}
 o - a potion of brilliance {unknown}
 u - a potion of confusion


   Skills:
 - Level 3.0 Fighting
 * Level 5.2 Long Blades
 - Level 2.0 Throwing
 + Level 3.3 Dodging


You had 4 spell levels left.
You didn't know any spells.

Dungeon Overview and Level Annotations

Branches:
Dungeon (3/27)

Altars:


Message History

You feel better.
It was a potion of curing.
The orc hits you with a runed orcish mace.
* * * LOW HITPOINT WARNING * * *
You slash the orc!
You kill the orc!
You hit the orc but do no damage. The orc barely misses you.
You closely miss the orc.
The orc hits you with a runed orcish mace.
* * * LOW HITPOINT WARNING * * *
Drink which item? (? for menu, Esc to quit)
You feel better.
You hit the orc but do no damage.
The orc hits you with a runed orcish mace!
* * * LOW HITPOINT WARNING * * *
You hit the orc but do no damage.
The orc hits you with a runed orcish mace.
* * * LOW HITPOINT WARNING * * *
You barely miss the orc.
The orc hits you with a runed orcish mace.
You die...

...........##.#
...........##.#
........###.##.#
#.##....###.#..#
..........)...####
..................#
.........##)......#
.........##)#...###
........)o@.....###
.........#(.(..).#
.##......#.##.(###
#......#.##..##
#.............#
.....#.#.....##
....#.........#
...........###
..#.##.#..#


You could see an orc.

Vanquished Creatures
  An orc wizard (D:3)
  6 adders
  A giant mite (D:2)
  A worm (D:2)
  A giant gecko (D:3)
  2 oozes (D:2)
  3 orcs (D:3)
  8 bats
  2 giant cockroaches
  8 hobgoblins
  7 kobolds
  2 quokkas (D:2)
  2 ball pythons
  2 giant newts
  8 goblins
  5 rats
59 creatures vanquished.

Notes
Turn   | Place    | Note
--------------------------------------------------------------
     0 | D:1      | HungrySpirit, the Human Gladiator, began the quest for the Orb.
     0 | D:1      | Reached XP level 1. HP: 17/17 MP: 0/0
   296 | D:1      | Reached XP level 2. HP: 20/23 MP: 1/1
  1055 | D:2      | Reached XP level 3. HP: 20/28 MP: 2/2
  1395 | D:2      | Reached skill level 4 in Long Blades
  1434 | D:2      | Reached XP level 4. HP: 22/35 MP: 3/3
  2402 | D:2      | Reached XP level 5. HP: 40/40 MP: 4/4
  2977 | D:3      | Reached skill level 5 in Long Blades
  3275 | D:3      | HP: 1/40 [orc/runed orcish mace (6)]
  3289 | D:3      | HP: 2/40 [orc/runed orcish mace (1)]
  3290 | D:3      | Slain by an orc

Action                   |  1- 3 |  4- 6 || total
-------------------------+-------+-------++-------
Melee: Falchion          |   117 |   157 ||   274
  Use: Potion            |       |     3 ||     3
